 Dungeon Crawl Stone Soup version 0.30-a0-800-g7c544603b3 (webtiles) character file.

Game seed: 14731834320037311423

2 AuraOfTheDawn the Ruffian (level 1, -3/22 HPs)
             Began as a Troll Monk on Feb 22, 2023.
             Succumbed to a goblin's poison
             ... on level 1 of the Dungeon.
             The game lasted 00:00:13 (41 turns).

AuraOfTheDawn the Ruffian (Troll Monk)                Turns: 41, Time: 00:00:14

Health: -3/22      AC:  4    Str: 18    XL:     1   Next: 25%
Magic:  0/0        EV: 10    Int:  6    God:
Gold:   16         SH:  0    Dex: 12    Spells: 0/0 levels left

rFire   . . .      SeeInvis .      - Unarmed
rCold   . . .      Faith    .    (no shield)
rNeg    . . .      Spirit   .    a - +0 robe
rPois   .          Reflect  .    (helmet restricted)
rElec   .          Harm     .    (no cloak)
rCorr   .          Rampage  .    (gloves unavailable)
Will    .....                    (boots unavailable)
Stlth   ++                       (no amulet)
HPRegen 1.03/turn                (no ring)
MPRegen 0.07/turn                (no ring)

@: lethally poisoned (-3 -> -19)
A: large, unfitting armour, claws 3, regeneration 1, shaggy fur 1, tough skin 1
a: no special abilities


You were on level 1 of the Dungeon.
You visited 1 branch of the dungeon, and saw 1 of its levels.

You collected 16 gold pieces.

Inventory:

Armour
 a - a +0 robe (worn)
Scrolls
 c - a scroll of identify {unknown}
Potions
 b - a potion of ambrosia


   Skills:
 + Level 2.4 Fighting
 + Level 2.4 Dodging
 + Level 1.0 Stealth
 + Level 3.0 Unarmed Combat


You couldn't memorise any spells.
You didn't know any spells.
Your spell library was empty.

Dungeon Overview and Level Annotations

Branches:
Dungeon (1/15)

Altars:


Innate Abilities, Weirdness & Mutations

You are too large for most types of armour.
You have claws for hands.
Your natural rate of healing is unusually fast.
You are covered in fur. (AC +1)
You have tough skin. (AC +1)


Message History

Press ? for a list of commands and other information.
Found a scroll labelled VODATAPPIFIPP.
Found a staircase leading out of the dungeon.
c - a scroll labelled VODATAPPIFIPP
Found a chain mail.
You see here a +0 chain mail.
You see here a +0 chain mail.
Found 5 stones.
Found 16 gold pieces.
You see here 5 stones.
A hobgoblin comes into view.
You see here 16 gold pieces.
You now have 16 gold pieces.
You claw the hobgoblin!
You kill the hobgoblin!
A goblin comes into view. It is wielding a +1 dagger of venom.
The goblin shouts!
A ball python comes into view.
There are monsters nearby!
Found a scroll labelled EBALLUOWKOIN.
You closely miss the goblin.
The goblin hits you with a +1 dagger of venom.
You are poisoned.
You barely miss the goblin.
You feel very sick.
The goblin hits you with a +1 dagger of venom.
You are more poisoned.
You barely miss the goblin.
You feel very sick. The goblin hits you but does no damage.
You are lethally poisoned!
You completely miss the goblin.
You feel very sick. The goblin hits you but does no damage.
You are more poisoned.
You scratch the goblin.
You kill the goblin!
* * * LOW HITPOINT WARNING * * *
You feel very sick.
You die...

. # ## . #..... .? ##
.#.#.#. ..# #. .......
..# .### ...#.#.##.#
...# ..........# #..#
..##......## #####..#
.......@..#..#...#.###..
.....###..##.#....<....#
### #..##...###.#...#
#.###..####..#..#####
#......#..##.#..#
#.###..##.[..#...
#..#####.###. #..#...#.#
.# ##.#.#...# ##


There were no monsters in sight!

Vanquished Creatures
  A hobgoblin (D:1)
  A goblin (D:1)
2 creatures vanquished.

Notes
Turn   | Place    | Note
-------+----------+-------------------------------------------
     0 | D:1      | AuraOfTheDawn the Troll Monk began the quest for the Orb.
     0 | D:1      | Reached XP level 1. HP: 22/22 MP: 0/0
    41 | D:1      | Succumbed to a goblin's poison

Illustrated notes

Levels and vault maps discovered:
D:1:      psy_arrival_radial01, layout_loops_ring, serial_rivers,
          chequers_serial_rivers_marsh, chequers_serial_rivers_micro_a,
          chequers_serial_rivers_micro_a, chequers_serial_rivers_micro_b,
          chequers_serial_rivers_marsh, serial_shops, shop,
          shapermc_ecumenical_altar_notcrosses, solitary_fountain,
          minmay_tripent

Action                     || total
---------------------------++-------
  Melee: Unarmed           ||     6
 Armour: Robe              ||     2

Table legend: (Time is in decaauts)
 A = Elapsed time spent in this place.
 B = Non-inter-level travel time spent in this place.
 C = Inter-level travel time spent in this place.
 D = Time resting spent in this place.
 E = Time spent auto-exploring this place.
 F = Levels seen in this place.
 G = Mean time per level.
                   A        B        C        D        E       F      G
               +--------+--------+--------+--------+--------+-----+--------+
         Total |     40 |     40 |      0 |      0 |     15 |   1 |   40.0 |
       Dungeon |     40 |     40 |      0 |      0 |     15 |   1 |   40.0 |
               +--------+--------+--------+--------+--------+-----+--------+

Top non-repeatable levels by time:
     D:1: 40 daAuts
